 Dungeon Crawl Stone Soup version 0.28-a0-57-g271197699b (webtiles) character file.

Game seed: 11863526740784562289

401 MacCMillion the Chopper (level 6, 27/52 HPs)
             Began as a Hill Orc Fighter on July 30, 2021.
             Quit the game on level 5 of the Dungeon.
             The game lasted 00:08:46 (4141 turns).

MacCMillion the Chopper (Hill Orc Fighter)          Turns: 4141, Time: 00:08:46

Health: 27/52      AC:  9    Str: 20    XL:     6   Next: 85%
Magic:  6/6        EV:  5    Int:  9    God:
Gold:   191        SH: 10    Dex: 10    Spells: 5/5 levels left

rFire   + . .      SeeInvis .   a - +0 war axe
rCold   . . .      Faith    .   c - +0 kite shield
rNeg    . . .      Spirit   .   m - +0 chain mail {rF+}
rPois   .          Reflect  .   (no helmet)
rElec   .          Harm     .   (no cloak)
rCorr   .          Rampage  .   (no gloves)
Will    .....                   (no boots)
Stlth   ..........              (no amulet)
HPRegen 0.17/turn               (no ring)
MPRegen 0.10/turn               (no ring)

@: marked
A: no striking features
a: no special abilities


You were on level 5 of the Dungeon.
You visited 1 branch of the dungeon, and saw 5 of its levels.

You collected 191 gold pieces.

Inventory:

Hand Weapons
 a - a +0 war axe (weapon)
 k - a +0 longbow
Armour
 c - a +0 kite shield (worn)
 m - a +0 chain mail of fire resistance (worn)
Scrolls
 b - 2 scrolls of fear {unknown}
 g - a scroll of holy word {unknown}
 h - a scroll of magic mapping {unknown}
 i - a scroll of teleportation {unknown}
 j - 3 scrolls of identify {unknown}
 l - a scroll of summoning {unknown}
 n - a scroll of amnesia {unknown}
 o - a scroll of brand weapon {unknown}
 q - a scroll of enchant armour {unknown}
 r - 2 scrolls of fog {unknown}
Potions
 d - a potion of might
 e - 5 potions of curing {unknown}
 f - a potion of mutation {unknown}
 p - a potion of heal wounds {unknown}


   Skills:
 - Level 3.9 Fighting
 * Level 7.4 Axes
 - Level 3.5 Armour
 - Level 0.1 Stealth
 + Level 5.3 Shields


You had 5 spell levels left.
You didn't know any spells.
Your spell library contained the following spells:

 Spells                   Type           Power      Damage    Failure   Level
 Ozocubu's Armour         Ice            0%         N/A       100%        3
 Ozocubu's Refrigeration  Ice            0%         4d5       100%        7


Dungeon Overview and Level Annotations

Branches:
Dungeon (5/15)
 Temple: D:4-7

Altars:
Ashenzari
Ru
Trog
Vehumet
Wu Jian
Xom


Message History

The goblin is severely wounded.
The goblin hits you but does no damage. The goblin barely misses you.
You hit the goblin.
The goblin is severely wounded.
The goblin barely misses you.
You closely miss the goblin.
The goblin is severely wounded.
You block the goblin's attack.
You hit the goblin but do no damage.
The goblin is severely wounded.
The goblin hits you with a +0 club. The goblin hits you but does no damage.
You barely miss the goblin.
The goblin is severely wounded.
You block the goblin's attack.
You completely miss the goblin.
The goblin is severely wounded.
The goblin hits you but does no damage.
You closely miss the goblin.
The goblin is severely wounded.
You block the goblin's attack. The goblin barely misses you.
You hit the goblin.
You kill the goblin!
Found a scale mail.
You see here a +0 scale mail.
Found 3 gold pieces.
Found a stone staircase leading down.
There is a stone staircase leading down here.
Really walk onto that alarm trap?
You set off the alarm!
The alarm trap emits a blaring wail!
A sentinel's mark forms upon you.
A jelly comes into view.
The jelly quivers.
You hear a shout! x3
You see here 3 gold pieces.
Unknown command.
Welcome back, MacCMillion the Hill Orc Fighter.
Press ? for a list of commands and other information.
Unknown command.
Are you sure you want to abandon this character and quit the game? (Confirm with "yes".)

#..J....#
..####.#####$#
....J.J......>.#
#.############J#
#. #.# #.J...#
#. #.# #.#####
#.##.### #.#
#......######n#
#..#.......##@#
#...<......##.#
#.#........##.#
#.#........##[#
#......######.#
#....### #.#
##.#.########.#
#....).......#
###+##########


You could see a necrophage and a jelly.

Vanquished Creatures
  A black bear (D:4)
  A necrophage (D:3)
  A bullfrog zombie (D:3)
  An orc priest (D:3)
  An iguana (D:2)
  3 adders
  A worm (D:2)
  A dart slug (D:1)
  12 orcs
  6 endoplasms
  A giant cockroach (D:4)
  9 goblins
  5 hobgoblins
  9 jackals
  8 kobolds
  3 quokkas
  8 ball pythons
  8 bats
  4 frilled lizards
  12 rats
95 creatures vanquished.

Vanquished Creatures (others)
  8 plants (D:4)
8 creatures vanquished.

Grand Total: 103 creatures vanquished

Notes
Turn   | Place    | Note
-------+----------+-------------------------------------------
     0 | D:1      | MacCMillion the Hill Orc Fighter began the quest for the
                  | Orb.
     0 | D:1      | Reached XP level 1. HP: 19/19 MP: 1/1
   168 | D:1      | Reached XP level 2. HP: 27/27 MP: 2/2
   428 | D:1      | Reached skill level 3 in Axes
   751 | D:1      | Reached XP level 3. HP: 33/33 MP: 3/3
  1109 | D:2      | Found a shimmering altar of Xom.
  1338 | D:2      | Reached skill level 4 in Axes
  1673 | D:2      | Reached XP level 4. HP: 25/40 MP: 4/4
  2347 | D:3      | Noticed a necrophage
  2357 | D:3      | Killed a necrophage
  2358 | D:3      | Reached skill level 5 in Axes
  2358 | D:3      | Reached XP level 5. HP: 43/46 MP: 5/5
  2497 | D:3      | Reached skill level 6 in Axes
  2779 | D:3      | Reached XP level 6. HP: 48/52 MP: 6/6
  3011 | D:3      | Found an ornate altar of the Wu Jian Council.
  3041 | D:3      | Found a bloodstained altar of Trog.
  3041 | D:3      | Found a radiant altar of Vehumet.
  3080 | D:3      | Reached skill level 5 in Shields
  3428 | D:3      | Found a broken altar of Ashenzari.
  3642 | D:3      | Found a sacrificial altar of Ru.
  3715 | D:4      | Noticed a black bear
  3724 | D:4      | Killed a black bear
  3725 | D:4      | Reached skill level 7 in Axes
  4078 | D:4      | Noticed a necrophage
  4083 | D:5      | Entered Level 5 of the Dungeon
  4141 | D:5      | Quit the game

Illustrated notes

Levels and vault maps discovered:
D:1:      onia_arrival_pyramid, layout_loops_ring
D:2:      layout_loops_cross, basic_altar, serial_rivers,
          chequers_serial_rivers_small_b, chequers_serial_rivers_large_a,
          chequers_serial_rivers_small_a, chequers_serial_rivers_small_3,
          chequers_serial_rivers_micro_a, kennysheep_generic_room_15
D:3:      layout_basic, lemuel_round_altar, ashenzari_altar_1,
          mainiacjoe_overflow_divided_tiny, marbit_many_paths,
          minmay_goblin_kobold_house
D:4:      layout_basic, serial_bayou, serial_bayou_ford_a, serial_bayou_pond_e,
          serial_bayou_crossing, serial_bayou_lagoon_a, uniq_blork_the_orc,
          uniq_robin
D:5:      layout_basic, minmay_temple_entry_fiery

Skill      XL: |  1  2  3  4  5  6 |
---------------+-------------------+-----
Axes           | 3 4 5 6 7 |  7.4
Shields        | 4 5 |  5.3
Fighting       | |  3.9
Armour         | |  3.5
Stealth        | |  0.1

Action                   |  1- 3 |  4- 6 || total
-------------------------+-------+-------++-------
Melee: War axe           |   127 |   181 ||   308
Armor: Scale mail        |    55 |     2 ||    57
       Chain mail        |       |    90 ||    90
Dodge: Dodged            |    36 |    40 ||    76
Block: Kite shield       |    60 |    92 ||   152

Table legend: (Time is in decaauts)
 A = Elapsed time spent in this place.
 B = Non-inter-level travel time spent in this place.
 C = Inter-level travel time spent in this place.
 D = Time resting spent in this place.
 E = Time spent auto-exploring this place.
 F = Levels seen in this place.
 G = Mean time per level.
                   A        B        C        D        E       F      G
               +--------+--------+--------+--------+--------+-----+--------+
         Total |   4308 |   4244 |     64 |    750 |   2613 |   5 |  861.6 |
       Dungeon |   4308 |   4244 |     64 |    750 |   2613 |   5 |  861.6 |
               +--------+--------+--------+--------+--------+-----+--------+

Top non-repeatable levels by time:
     D:2: 1321 daAuts
     D:3: 1270 daAuts
     D:1: 1030 daAuts
     D:4: 626 daAuts
     D:5: 60 daAuts
